[Event "Early-Titled-Tuesday-Blitz-September-26-2023"]
[Site "Chess.com"]
[Date "2023.09.26"]
[Round "3"]
[White "Flopezin"]
[Black "guillembaches"]
[Result "0-1"]
[WhiteElo "2315"]
[BlackElo "2513"]
[TimeControl "180+1"]
[EndTime "8:27:53 PDT"]
[Termination "guillembaches won by checkmate"]

1. e4 d5 2. exd5 Qxd5 3. Nc3 Qa5 4. Bc4 Nf6 5. d3 a6 6. Bd2 Qe5+ 7. Nge2 b5 8. Bf4 Qc5 9. Bb3 Bb7 10. O-O e5 11. d4 Qc6 12. d5 Qd6 13. Bg3 Nbd7 14. f4 e4 15. f5 Qb6+ 16. Kh1 Bd6 17. Re1 O-O 18.
Bxd6 cxd6 19. Nf4 Rfe8 20. a4 b4 21. Nce2 Nc5 22. Qd4 Qc7 23. Qxb4 e3 24. Qd4 Re4 25.
Qd1 Nxb3 26. cxb3 Rae8 27. Rc1 Qb6 28. Nd3 Bxd5 29. Ng3 Rg4 30. b4 Qb7 31. Qe2 h5 32. Nxh5 Rxg2 33. Qxg2 Bxg2+ 34. Kg1 Nxh5 35. Re2 Nf4 36.
Nxf4 Bf3 37. Ree1 Qe4 38. Nh3 Qg4+ 39. Kf1 Qg2# 0-1

[Event "Early-Titled-Tuesday-Blitz-September-26-2023"]
[Site "Chess.com"]
[Date "2023.09.26"]
[Round "3"]
[White "ArmanGhevondyanchess"]
[Black "bascheyaro"]
[Result "0-1"]
[WhiteElo "2587"]
[BlackElo "2810"]
[TimeControl "180+1"]
[EndTime "8:27:54 PDT"]
[Termination "bascheyaro won by checkmate"]

1. Nf3 d5 2. d4 Nf6 3. g3 Bf5 4. Bg2 e6 5. O-O c5 6. c4 Nc6 7. Nc3 h6 8. cxd5 exd5 9. b3 Be7 10. Bb2 O-O 11. Rc1 Rc8 12. dxc5 Bxc5 13. Na4 Be7 14. Nc5 Ne4 15. Nd3 d4 16. a3 Bf6 17.
b4 Nc3 18. Qd2 Re8 19. Rfe1 Ne4 20. Qd1 Nc3 21. Qd2 Qe7 22. Kf1 Ne4 23. Qd1 Rcd8 24. b5 Na5 25. Qa4 b6 26. Nb4 Nc3 27. Bxc3 dxc3 28. Nc6 Qc5 29. e4 Nxc6 30. bxc6 Bc8 31.
e5 Bxe5 32. c7 Qxc7 33. Nxe5 Rxe5 34. Rxe5 Qxe5 35. Qc2 Rd2 36. Qe4 Qc5 37. Qe8+ Kh7 38. Be4+ Bf5 39. Rxc3 Qxf2# 0-1

[Event "Early-Titled-Tuesday-Blitz-September-26-2023"]
[Site "Chess.com"]
[Date "2023.09.26"]
[Round "3"]
[White "bennyficial"]
[Black "m_ezat"]
[Result "0-1"]
[WhiteElo "2143"]
[BlackElo "2539"]
[TimeControl "180+1"]
[EndTime "8:27:55 PDT"]
[Termination "m_ezat won by resignation"]

1. Nf3 Nf6 2. c4 g6 3. b3 Bg7 4. Bb2 O-O 5. g3 c5 6. Bg2 Nc6 7. O-O d5 8. cxd5 Qxd5 9. Nc3 Qh5 10. Rc1 Bh3 11. d3 b6 12. Re1 Ng4 13. Bh1 Rad8 14.
Na4 e5 15. e3 e4 16. Bxg7 exf3 17. Qxf3 Kxg7 18. Qxc6 Rxd3 19. Rc2 Nxh2 20. Kxh2 Bd7+ 21. Kg1 Bxc6 22. Bxc6 Rfd8 23. Kg2 Rd1 24. Bf3 Qxf3+ 25. Kxf3 Rxe1 26. a3 Rdd1 27. b4 Rc1 28. Rb2 c4 29. b5 c3 30. Rb3 c2 31. Rc3 Red1 32.
Nb2 Rd5 33. Nd3 Rxd3 34. Rxd3 Rd1 35. Rc3 c1=Q 0-1

[Event "Early-Titled-Tuesday-Blitz-September-26-2023"]
[Site "Chess.com"]
[Date "2023.09.26"]
[Round "3"]
[White "deribas12345"]
[Black "kidagent"]
[Result "1-0"]
[WhiteElo "2566"]
[BlackElo "2237"]
[TimeControl "180+1"]
[EndTime "8:27:56 PDT"]
[Termination "deribas12345 won by resignation"]

1. d4 d5 2. c4 c6 3. Nf3 Nf6 4. Nc3 e6 5. e3 Nbd7 6. Be2 Bd6 7. O-O O-O 8. b3 Qe7 9. Bb2 dxc4 10. bxc4 b6 11. e4 e5 12. d5 Bb7 13. Qd2 Rfd8 14. Rad1 Bb4 15. Qe3 Bc5 16. Qc1 cxd5 17. cxd5 Rac8 18.
Qb1 Ng4 19. h3 Ngf6 20. Na4 Bd6 21. Nh4 g6 22. Nf3 Nh5 23. Rfe1 Nf4 24. Bf1 Nc5 25. Nc3 Ba6 26. Bxa6 Nxa6 27. Nb5 Bb8 28. d6 Bxd6 29. Nxd6 Rxd6 30. Rxd6 Qxd6 31. Bxe5 Nxh3+ 32. gxh3 Qe6 33.
Kg2 Nc5 34. Bg3 Re8 35. Nd4 Qc4 36. Nf3 Nxe4 37. Qb3 Qc6 38. Kh2 Rd8 39. Ne5 Qb7 40. Rxe4 Qxe4 41. Qxf7+ Kh8 42. Qf6+ 1-0

[Event "Early-Titled-Tuesday-Blitz-September-26-2023"]
[Site "Chess.com"]
[Date "2023.09.26"]
[Round "3"]
[White "Qvalda"]
[Black "draksbg"]
[Result "0-1"]
[WhiteElo "2368"]
[BlackElo "2669"]
[TimeControl "180+1"]
[EndTime "8:27:56 PDT"]
[Termination "draksbg won on time"]

1. Nf3 c5 2. b3 b6 3. g3 Bb7 4. Bg2 Nf6 5. O-O g6 6. Bb2 Bg7 7. c4 O-O 8. d4 cxd4 9. Nxd4 Bxg2 10. Kxg2 Qc7 11. Nc3 Nc6 12. Nf3 Rfd8 13. Qd2 Rac8 14.
Rac1 Qb7 15. Rfd1 Ne5 16. Qe3 d6 17. Kg1 Nfg4 18. Qe4 Qxe4 19. Nxe4 Nxf3+ 20. exf3 Bxb2 21. Rc2 Ne5 22. Rxb2 Nxf3+ 23. Kg2 Ne5 24. f4 Nd7 25. Re2 Kf8 26. Nc3 Nf6 27. Rde1 Rd7 28. h3 h5 29. Kf3 a6 30. g4 hxg4+ 31. hxg4 e6 32. g5 Nh5 33.
Na4 Rb7 34. Rd1 b5 35. Nb2 Rc6 36. Red2 Ke7 37. cxb5 axb5 38. Nd3 Rc3 39. Rc1 Rbc7 40. Rxc3 Rxc3 41. Ke3 Ng3 42. Kd4 Rc7 43. Nb4 Nf5+ 44. Ke4 d5+ 45. Ke5 Rc3 46. Re2 Rc5 47. Nc2 d4+ 0-1

[Event "Early-Titled-Tuesday-Blitz-September-26-2023"]
[Site "Chess.com"]
[Date "2023.09.26"]
[Round "3"]
[White "Fleetw00dMac"]
[Black "MokshanovAlexey"]
[Result "0-1"]
[WhiteElo "2471"]
[BlackElo "2693"]
[TimeControl "180+1"]
[EndTime "8:27:58 PDT"]
[Termination "MokshanovAlexey won by resignation"]

1. d4 d5 2. c4 e6 3. Nc3 Nf6 4.
cxd5 exd5 5. Bg5 Be7 6. e3 O-O 7. Bd3 c6 8. Nge2 Nbd7 9. O-O Re8 10. a4 a5 11. Kh1 Nf8 12. f3 Nh5 13. Bxe7 Qxe7 14.
e4 dxe4 15. fxe4 Bg4 16. Qd2 Ne6 17. Qe3 Qh4 18. Rae1 Rad8 19. Bc4 Re7 20. e5 Bxe2 21. Nxe2 Nxd4 22. Nf4 Nf5 23. Qh3 Nxf4 24. Qxh4 Nxh4 25. Rxf4 Ng6 26. Rf5 Nxe5 27. h3 Rde8 28. Bb3 Kh8 29. Rd1 f6 30. Rf4 Rd7 31. Rxd7 Nxd7 32. Rd4 Re7 33.
Kh2 g6 34. Bd1 Kg7 35. b4 axb4 36. Rxb4 Nc5 37. a5 f5 38. Bf3 Kf6 39. h4 Ke5 40.
Rc4 Kd6 41. Rd4+ Kc7 42. Rc4 Ne4 43. Rb4 Re5 44. Ra4 Nd2 45. Bd1 Re1 46. Bc2 Nf1+ 0-1

[Event "Early-Titled-Tuesday-Blitz-September-26-2023"]
[Site "Chess.com"]
[Date "2023.09.26"]
[Round "3"]
[White "elegant285"]
[Black "sqmorr"]
[Result "0-1"]
[WhiteElo "2382"]
[BlackElo "2273"]
[TimeControl "180+1"]
[EndTime "8:27:58 PDT"]
[Termination "sqmorr won by resignation"]

1. Nf3 c5 2. b3 Nc6 3. Bb2 d5 4.
g3 f6 5. Bg2 e5 6. d3 Be6 7.
Nbd2 Qd7 8. e4 d4 9. Qe2 h5 10. Nh4 Nge7 11. h3 g5 12. Nf5 Nxf5 13. exf5 Bxf5 14.
Ne4 Be7 15. O-O-O O-O-O 16. Kb1 Kb8 17. Ba3 b6 18. Nd2 Be6 19. Bb2 Bd5 20. Be4 Bxe4 21.
Nxe4 f5 22. Nd2 Bf6 23. Rhe1 Qd5 24. Nc4 Rde8 25. a4 e4 26. dxe4 Rxe4 27. Qf3 g4 28.
hxg4 hxg4 29. Qg2 Rhe8 30. Rh1 Qd7 31. Rh6 Bg7 32. Rh7 Rh8 33. Qh1 Rxh7 34. Qxh7 Kc7 35.
Bc1 Be5 36. Qg6 Kb7 37. Rh1 Bc7 38. Rh7 Re7 39. Rh5 d3 40. Qxf5 Qxf5 41. Rxf5 dxc2+ 42. Kxc2 Nb4+ 43. Kd1 Rd7+ 44. Bd2 Nd3 45. Ke2 a6 46. Rg5 b5 47. axb5 axb5 48. Na3 Ne5 49. Nxb5 Rxd2+ 50.
Ke1 Nf3+ 0-1

[Event "Early-Titled-Tuesday-Blitz-September-26-2023"]
[Site "Chess.com"]
[Date "2023.09.26"]
[Round "3"]
[White "levallem"]
[Black "Doudou2015"]
[Result "1-0"]
[WhiteElo "2378"]
[BlackElo "2174"]
[TimeControl "180+1"]
[EndTime "8:27:58 PDT"]
[Termination "levallem won by resignation"]

1. d4 d5 2. Nf3 Bf5 3. e3 e6 4.
Bd3 Nf6 5. O-O Be7 6. b3 O-O 7. Bb2 Ne4 8. Nbd2 Nd7 9. Qe2 Ndf6 10. Ne5 h6 11. f3 Nxd2 12. Qxd2 g5 13. g4 Bh7 14.
Kg2 Nd7 15. Bxh7+ Kxh7 16. c4 Nxe5 17. dxe5 dxc4 18. Qc2+ Kg7 19. Qxc4 Qd2+ 20. Rf2 Qxe3 21. Qxc7 Bc5 22. Rc2 Bd4 23. Bxd4 Qxd4 24. Re1 Rac8 25. Qxc8 Rxc8 26. Rxc8 Qd2+ 27. Kf1 Qxh2 28. Re2 Qh1+ 29. Kf2 Qd1 30. Rc7 Qd5 31. Rc4 a5 32. Rce4 b5 33. Kg3 Kg6 34. a4 Qxb3 35. axb5 Qxb5 36. Ra2 Qd5 37.
Raa4 Qd2 38. Rad4 Qc1 39. Ra4 Qg1+ 40. Kh3 h5 41. gxh5+ Kxh5 42. Rxa5 Qf1+ 43. Kg3 Qe1+ 44. Rxe1 1-0

[Event "Early-Titled-Tuesday-Blitz-September-26-2023"]
[Site "Chess.com"]
[Date "2023.09.26"]
[Round "3"]
[White "Journey_to_GrandMaster_YT"]
[Black "yoelpolanco"]
[Result "1-0"]
[WhiteElo "2592"]
[BlackElo "2326"]
[TimeControl "180+1"]
[EndTime "8:27:59 PDT"]
[Termination "Journey_to_GrandMaster_YT won by resignation"]

1. d4 Nf6 2. Nf3 e6 3. c4 d5 4. Nc3 c5 5. cxd5 Nxd5 6. e4 Nxc3 7. bxc3 cxd4 8. cxd4 Bb4+ 9. Bd2 Bxd2+ 10. Qxd2 O-O 11. Bc4 Nc6 12. O-O b6 13. Rac1 Bb7 14. Rfd1 Rc8 15. h4 Na5 16. Bd3 Qe7 17. h5 Rfd8 18. h6 g6 19. Qf4 a6 20. Rxc8 Rxc8 21. Ng5 f6 22. Nf3 b5 23. Bb1 Nc4 24. d5 e5 25. Qg4 Rd8 26.
Nd2 Nxd2 27. Rxd2 Bc8 28. Qd1 Bd7 29. Rc2 Rc8 30. Rxc8+ Bxc8 31. Qc2 Qd8 32. Qc6 Kf7 33. Bc2 g5 34. Bb3 Kg6 35. d6 Bd7 36. Qc5 Kxh6 37. Bd5 Qc8 38. Qxc8 Bxc8 39. Bc6 b4 40. d7 Bxd7 41.
Bxd7 Kg7 42. Kf1 Kf7 43. Ke2 Ke7 44. Ba4 Kd6 45. Kd3 Ke6 46. g4 Kd6 47. Kc4 a5 1-0

[Event "Early-Titled-Tuesday-Blitz-September-26-2023"]
[Site "Chess.com"]
[Date "2023.09.26"]
[Round "3"]
[White "lioni26"]
[Black "Rainbow2014"]
[Result "0-1"]
[WhiteElo "2563"]
[BlackElo "2354"]
[TimeControl "180+1"]
[EndTime "8:28:01 PDT"]
[Termination "Rainbow2014 won on time"]

1. e4 e5 2. Nf3 Nf6 3. d4 Nxe4 4.
Bd3 Nc6 5. dxe5 Nc5 6. Be2 d6 7. Bf4 dxe5 8. Qxd8+ Nxd8 9. Nxe5 Bf5 10. Na3 Nce6 11.
Bg3 Bxa3 12. bxa3 Bxc2 13. Rc1 Be4 14. O-O Nc6 15. Bb5 O-O 16. Nxc6 bxc6 17. Bxc6 Bxc6 18. Rxc6 Rab8 19. Ra6 Rb7 20. Be5 Rd8 21. f4 Rd2 22. f5 Nc5 23. Rc6 f6 24. Bf4 Rd5 25. Bxc7 Rb2 26. Re1 h5 27. Bf4 Nd3 28. Re8+ Kf7 29.
Be3 Kxe8 0-1

[Event "Early-Titled-Tuesday-Blitz-September-26-2023"]
[Site "Chess.com"]
[Date "2023.09.26"]
[Round "3"]
[White "lamomiajunior"]
[Black "carloseduar100"]
[Result "1-0"]
[WhiteElo "2748"]
[BlackElo "2349"]
[TimeControl "180+1"]
[EndTime "8:28:02 PDT"]
[Termination "lamomiajunior won on time"]

1. d4 d5 2. c4 e5 3. dxe5 d4 4.
Nf3 Nc6 5. a3 Nge7 6. b4 Ng6 7.
Bb2 a5 8. b5 Ncxe5 9. Nbd2 Bc5 10. Nb3 Nxf3+ 11. exf3 Qe7+ 12. Be2 d3 13. Qxd3 Nf4 14.
Qe4 Nxg2+ 15. Kf1 Bh3 16. Nxc5 Nf4+ 17. Ke1 Ng2+ 18. Kd2 O-O-O+ 19. Nd3 Qg5+ 20. f4 Nxf4 21. Kc2 Nxd3 22. Bxd3 Rhe8 23. Qf3 Bg4 24. Rhg1 h5 25. h3 Bxf3 26. Rxg5 g6 27. Rgg1 Re7 28. Rge1 Red7 29.
Re3 Bg2 30. Bf6 1-0

[Event "Early-Titled-Tuesday-Blitz-September-26-2023"]
[Site "Chess.com"]
[Date "2023.09.26"]
[Round "3"]
[White "HrvojeZagreb"]
[Black "santosalberto1987"]
[Result "1-0"]
[WhiteElo "2294"]
[BlackElo "2473"]
[TimeControl "180+1"]
[EndTime "8:28:02 PDT"]
[Termination "HrvojeZagreb won by resignation"]

1. f4 c5 2. e4 Nc6 3. Nf3 g6 4.
d3 Bg7 5. Be2 e6 6. O-O Nge7 7. c3 O-O 8. Qe1 b5 9. Qh4 d6 10. Na3 b4 11. cxb4 Nxb4 12. f5 exf5 13. Bh6 fxe4 14. dxe4 Nf5 15. Qxd8 Rxd8 16. Bxg7 Nxg7 17.
Rad1 Be6 18. Nb5 Bxa2 19. Nxd6 Nc6 20. Nb7 Rxd1 21. Rxd1 Nd4 22. Nxd4 cxd4 23. Rxd4 Rb8 24. Ra4 Rxb7 25. Rxa2 Ne6 26. Bc4 Nc5 27. Bd5 Re7 28.
b4 Nxe4 29. Re2 Re5 30. Bxe4 Rb5 31. Rb2 a5 32. Bd3 Rxb4 33. Rxb4 axb4 34. Kf2 Kg7 35. Ke3 f5 36. Kd4 Kf6 37. Kc4 g5 38. Kxb4 f4 39. Bxh7 g4 40. Kc4 f3 41. g3 Ke5 42.
Bd3 1-0

[Event "Early-Titled-Tuesday-Blitz-September-26-2023"]
[Site "Chess.com"]
[Date "2023.09.26"]
[Round "3"]
[White "remi04"]
[Black "Aariow"]
[Result "1-0"]
[WhiteElo "2830"]
[BlackElo "2610"]
[TimeControl "180+1"]
[EndTime "8:28:03 PDT"]
[Termination "remi04 won by resignation"]

1. e4 c5 2. Nf3 Nc6 3. Bb5 g6 4. O-O Bg7 5. Re1 Nf6 6. Nc3 O-O 7. e5 Ne8 8. Bxc6 dxc6 9. d3 Nc7 10.
h3 Ne6 11. a4 a5 12. Ne4 b6 13.
Be3 Nd4 14. Bf4 Ba6 15. Nfd2 Qc7 16. Ng5 Rad8 17. Bh2 Qd7 18. Rc1 h6 19. Ngf3 Ne6 20. b3 b5 21. Ra1 b4 22. Rc1 h5 23. Ne4 Bh6 24. Rb1 Qd5 25. Nfd2 Nd4 26. Nc4 f5 27.
exf6 exf6 28. Bd6 Rf7 29. Be7 Rdf8 30. Bxf8 Bxf8 31. Nxa5 Bc8 32. Nc4 Bf5 33. a5 g5 34.
Qxh5 Bg7 35. Ned6 Bh7 36. Nxf7 1-0

[Event "Early-Titled-Tuesday-Blitz-September-26-2023"]
[Site "Chess.com"]
[Date "2023.09.26"]
[Round "3"]
[White "Zurability"]
[Black "AleksanderHnydiuk"]
[Result "0-1"]
[WhiteElo "2743"]
[BlackElo "2552"]
[TimeControl "180+1"]
[EndTime "8:28:03 PDT"]
[Termination "AleksanderHnydiuk won by resignation"]

1. Nf3 Nf6 2. g3 d5 3. Bg2 Nbd7 4. O-O e5 5. c4 c6 6. cxd5 cxd5 7. d4 e4 8. Nfd2 Bd6 9. f3 exf3 10. exf3 O-O 11.
Nc3 Re8 12. Rf2 Nf8 13. Nf1 h6 14. Qd3 Bd7 15. Bd2 Rc8 16. Ne3 Be6 17. Re1 Bb8 18.
Rfe2 g6 19. f4 Ne4 20. Nexd5 Nxd2 21. Qxd2 Kg7 22. f5 gxf5 23. Nf4 Qg5 24. d5 Bd7 25. d6 Rxe2 26. Rxe2 Ne6 27. Bxb7 Nxf4 28. Qxf4 Qxf4 29. gxf4 Re8 30. Re7 Rd8 31. Re5 Bxd6 32. Rd5 Be6 33. Rd2 Bc5+ 34. Rf2 Rd2 0-1

[Event "Early-Titled-Tuesday-Blitz-September-26-2023"]
[Site "Chess.com"]
[Date "2023.09.26"]
[Round "3"]
[White "Gerasimenyuk_Miha"]
[Black "Russian_berezka"]
[Result "1-0"]
[WhiteElo "2422"]
[BlackElo "2597"]
[TimeControl "180+1"]
[EndTime "8:28:03 PDT"]
[Termination "Gerasimenyuk_Miha won by resignation"]

1. d4 Nf6 2. Nf3 d5 3. Bg5 Ne4 4. Bh4 h5 5. e3 f6 6. Nc3 g5 7. Nxe4 dxe4 8. Nd2 gxh4 9. Nxe4 Bg4 10. Be2 Bxe2 11.
Qxe2 Qd5 12. Qf3 Nd7 13. b3 f5 14. Ng5 Qxf3 15. Nxf3 h3 16. gxh3 Rg8 17. Ke2 Bh6 18. c4 e6 19. Rad1 Ke7 20. b4 a5 21. b5 c6 22. Rb1 c5 23. d5 Nb6 24. Rbc1 Rad8 25. dxe6 Kxe6 26. Rhd1 Rxd1 27. Kxd1 Nd7 28. Ke2 Ne5 29.
Nxe5 Kxe5 30. Rd1 Ke6 31. Rd5 b6 32. Kf3 Bg7 33. Kf4 Bh6+ 34. Kf3 Rf8 35. a4 Bg5 36.
Kg3 h4+ 37. Kf3 Rf7 38. Ke2 Rd7 39. f4 Bf6 40. Rxd7 Kxd7 41. Kf3 Bb2 42. Ke2 Bc1 43. Kf3 Ke6 44. Ke2 Bb2 45. Kd2 Kd6 46. Kd3 Ba1 47.
Ke2 Bd4 48. exd4 cxd4 49. Kd2 Kc7 50. Kd3 Kd7 51. Kxd4 Kd6 52. c5+ bxc5+ 53. Kc4 Kd7 54. Kxc5 Kc7 55. b6+ Kb7 56. Kb5 1-0

[Event "Early-Titled-Tuesday-Blitz-September-26-2023"]
[Site "Chess.com"]
[Date "2023.09.26"]
[Round "3"]
[White "vedantgoswami"]
[Black "FMStan15"]
[Result "1-0"]
[WhiteElo "2364"]
[BlackElo "2092"]
[TimeControl "180+1"]
[EndTime "8:28:04 PDT"]
[Termination "vedantgoswami won by resignation"]

1. g3 d5 2. Bg2 Nc6 3. c4 d4 4. b4 a6 5. b5 axb5 6. cxb5 Ne5 7. d3 e6 8. Bf4 Bb4+ 9. Nd2 Ng6 10. Nf3 Nxf4 11. gxf4 Qf6 12. O-O Qxf4 13. Qb3 Bxd2 14. Nxd2 Qxd2 15. Rac1 Qf4 16. e3 dxe3 17. fxe3 Qxe3+ 18.
Kh1 Qb6 19. d4 Nf6 20. Qg3 Kf8 21. Rxc7 Qxb5 22. Rxf6 gxf6 23. Qd6+ Kg7 24. h4 Qb1+ 25. Kh2 Qf5 26. Rc3 h6 27. Rg3+ Kh7 28. Qe7 Qh5 29. Qxf6 Rg8 30. Be4+ Rg6 31. Qxf7+ Kh8 32.
Qf8+ Kh7 33. Bxg6+ Qxg6 34. Qe7+ Kh8 35. Rxg6 1-0

[Event "Early-Titled-Tuesday-Blitz-September-26-2023"]
[Site "Chess.com"]
[Date "2023.09.26"]
[Round "3"]
[White "AradNazari"]
[Black "Honiex"]
[Result "1-0"]
[WhiteElo "2816"]
[BlackElo "2578"]
[TimeControl "180+1"]
[EndTime "8:28:05 PDT"]
[Termination "AradNazari won by resignation"]

1. e4 c5 2. Nf3 Nf6 3. e5 Nd5 4.
Nc3 e6 5. Ne4 f5 6. Nc3 Nb4 7.
a3 N4c6 8. d3 Nd4 9. h4 Nbc6 10.
Bf4 Be7 11. g3 b6 12. Bg2 Bb7 13. Nxd4 cxd4 14. Nb5 Qc8 15. O-O a6 16. Nd6+ Bxd6 17. exd6 O-O 18. Re1 Nd8 19. Bxb7 Qxb7 20. c4 Nc6 21. b4 b5 22. c5 Rae8 23. Be5 a5 24. Qf3 Qb8 25. bxa5 Qa7 26. Rac1 Qxa5 27. Qf4 Qxa3 28.
Qg5 Nxe5 29. Rxe5 Qxd3 30. c6 f4 31. cxd7 Rd8 32. Qxd8 Rxd8 33. Rc8 fxg3 34. Rxd8+ Kf7 35. Rf8+ Kg6 36. Rg5+ Kh6 37. d8=Q gxf2+ 38. Rxf2 Qd1+ 39. Kg2 Qd3 40. Rf6+ 1-0

[Event "Early-Titled-Tuesday-Blitz-September-26-2023"]
[Site "Chess.com"]
[Date "2023.09.26"]
[Round "3"]
[White "diamonds13"]
[Black "C_K_G"]
[Result "0-1"]
[WhiteElo "2314"]
[BlackElo "1882"]
[TimeControl "180+1"]
[EndTime "8:28:06 PDT"]
[Termination "C_K_G won by resignation"]

1. d4 d5 2. c4 e6 3. Nc3 Nf6 4. cxd5 exd5 5. Bf4 Bd6 6. Bg3 O-O 7. e3 a6 8. a4 b6 9. Bd3 Bb7 10. Nge2 c5 11.
dxc5 bxc5 12. Bxd6 Qxd6 13. Nf4 d4 14. Nce2 Nc6 15. e4 Ne5 16. f3 c4 17. Bb1 d3 18.
Nc3 Qd4 19. Qd2 Rad8 20. Ba2 Rfe8 21. O-O-O Bc6 22. Kb1 Rb8 23. a5 Rb7 24. Ka1 Reb8 25. Rb1 Qc5 26. Ncd5 Nxd5 27. exd5 Bxd5 28. Rhc1 Rb4 29.
Rc3 Qxa5 30. Ra3 Qc5 31. Nxd5 Qxd5 32. f4 Nc6 33. Rxa6 Nd4 34. Rc1 Nb3+ 35. Bxb3 Rxb3 36. Rc3 Qb5 37. Ra3 Rxb2 38. Rcb3 Rxb3 0-1

[Event "Early-Titled-Tuesday-Blitz-September-26-2023"]
[Site "Chess.com"]
[Date "2023.09.26"]
[Round "3"]
[White "Hasangatin_Ramil"]
[Black "rasmussvane"]
[Result "1/2-1/2"]
[WhiteElo "2716"]
[BlackElo "2993"]
[TimeControl "180+1"]
[EndTime "8:28:08 PDT"]
[Termination "Game drawn by repetition"]

1. e4 c6 2. d4 d5 3. Nd2 dxe4 4. Nxe4 Nf6 5. Nxf6+ exf6 6. c3 Bd6 7. Bd3 O-O 8. Qc2 Re8+ 9. Ne2 h5 10. h3 Nd7 11.
Be3 Nf8 12. O-O-O Be6 13. Kb1 b5 14. Bf4 a5 15. Bxd6 Qxd6 16. Nc1 a4 17. Rhe1 b4 18. cxb4 Qxb4 19. a3 Qb7 20. Bc4 Red8 21. Na2 Bxc4 22. Qxc4 Ne6 23. Nb4 Rd6 24. Rd3 Rad8 25. Red1 Nf4 26.
Rc3 c5 27. Qxc5 Qxg2 28. Nc6 Qe4+ 29. Ka1 R8d7 30. Re3 Qxc6 31. Re8+ Kh7 32. Qf5+ g6 33.
Qxf4 Qc2 34. Rde1 Kg7 35. Rh8 g5 36. Ree8 Qd1+ 37. Ka2 Qb3+ 38. Ka1 Qd1+ 39. Ka2 Qb3+ 40. Ka1 Qd1+ 1/2-1/2

[Event "Early-Titled-Tuesday-Blitz-September-26-2023"]
[Site "Chess.com"]
[Date "2023.09.26"]
[Round "3"]
[White "Dewarfd"]
[Black "Jaka_Brilej"]
[Result "1-0"]
[WhiteElo "2147"]
[BlackElo "2518"]
[TimeControl "180+1"]
[EndTime "8:28:08 PDT"]
[Termination "Dewarfd won by resignation"]

1. d4 d5 2. e3 Nf6 3. Nf3 Bf5 4. c4 e6 5. Bd3 Bxd3 6. Qxd3 c6 7.
Nc3 Nbd7 8. O-O Bd6 9. e4 dxe4 10. Nxe4 Nxe4 11. Qxe4 O-O 12. Qe2 Qc7 13. h3 c5 14. Be3 a6 15. Rfd1 Rac8 16. b3 Rfd8 17. Rd2 cxd4 18. Bxd4 Bf4 19. Be3 Nf6 20. Rad1 Bxe3 21.
Qxe3 h6 22. Rxd8+ Rxd8 23. Rxd8+ Qxd8 24. Qd4 Qa5 25. Qd2 Qf5 26. Kh2 Qb1 27. Ne5 Qf5 28.
Qd8+ Kh7 29. Qd3 Qxd3 30. Nxd3 Nd7 31. b4 e5 32. f3 f5 33. Kg1 Kg6 34. Kf2 Kf6 35.
Ke3 g5 36. a4 Ke6 37. b5 axb5 38. cxb5 Kd6 39. a5 Nb8 40. g4 fxg4 41. hxg4 Kd5 42. a6 bxa6 43. Nb4+ Kc4 44. bxa6 Nxa6 45. Nxa6 Kd5 46. Nc7+ Kd6 47. Ke4 Kxc7 48. Kxe5 Kc6 49.
Kf5 Kd5 50. Kg6 Ke5 51. Kxh6 Kf4 52. Kh5 Kxf3 53. Kxg5 Ke4 54. Kf6 1-0

[Event "Early-Titled-Tuesday-Blitz-September-26-2023"]
[Site "Chess.com"]
[Date "2023.09.26"]
[Round "3"]
[White "A-Fier"]
[Black "LikeWater"]
[Result "1-0"]
[WhiteElo "2820"]
[BlackElo "2611"]
[TimeControl "180+1"]
[EndTime "8:28:10 PDT"]
[Termination "A-Fier won on time"]

1. d4 e6 2. h4 c5 3. c3 Nc6 4. Bg5 Qb6 5. Na3 Qxb2 6. Nc4 Qxc3+ 7. Nd2 cxd4 8. Rc1 Qa5 9. e3 h6 10. Bf4 e5 11. Bg3 dxe3 12. fxe3 Nf6 13. Nf3 Ne4 14. Bh2 Bb4 15. Rc2 d5 16. Bd3 Nxd2 17. Nxd2 e4 18.
Be2 Bc5 19. O-O Bxe3+ 20. Kh1 O-O 21. Nb3 Qd8 22. Bb5 d4 23. Nc5 Qxh4 24. Rb2 a6 25. Bc4 Ne5 26. Bd5 Ng4 27. g3 Qh5 28. Qb3 Qh3 29. Qd1 Qh5 30. Qb3 Be6 31. Nxe6 fxe6 32. Bxe6+ Kh8 33. Bf7 Qh3 34. Qd1 Ne5 35. Rxb7 Nf3 36. Rxf3 exf3 37. Qxf3 Rac8 38. Rb1 Rc7 39.
Be6 Qxh2+ 40. Kxh2 Rxf3 41. Bd5 1-0

[Event "Early-Titled-Tuesday-Blitz-September-26-2023"]
[Site "Chess.com"]
[Date "2023.09.26"]
[Round "3"]
[White "BigAl"]
[Black "Artemiki"]
[Result "1-0"]
[WhiteElo "2550"]
[BlackElo "2214"]
[TimeControl "180+1"]
[EndTime "8:28:11 PDT"]
[Termination "BigAl won on time"]

1. Nf3 Nf6 2. g3 e6 3. Bg2 d5 4. O-O Be7 5. d3 O-O 6. Nbd2 c5 7. e4 Nc6 8. Re1 Qc7 9. e5 Nd7 10. Qe2 b5 11. h4 a5 12. h5 a4 13. h6 g6 14. a3 b4 15. Nf1 Ba6 16. c3 bxc3 17.
bxc3 Rab8 18. Bf4 Rb3 19. c4 dxc4 20. dxc4 Rfb8 21. Red1 Na5 22. Ne3 Nb6 23. Rac1 Rxa3 24. Bg5 Bf8 25. Ng4 Nbxc4 26. Nf6+ Kh8 27. Rd7 Qc8 28.
Rxf7 Rb7 29. Rxb7 Qxb7 30. Rd1 Ne3 31. Rd8 Qe7 32. Qxa6 Qxd8 33. Qxe6 Ra1+ 34. Kh2 Be7 35. Qf7 Ng4+ 36. Nxg4 Qf8 37. Bf6+ 1-0

[Event "Early-Titled-Tuesday-Blitz-September-26-2023"]
[Site "Chess.com"]
[Date "2023.09.26"]
[Round "3"]
[White "simplerXiao"]
[Black "Alina_Gumerovna"]
[Result "0-1"]
[WhiteElo "2518"]
[BlackElo "2146"]
[TimeControl "180+1"]
[EndTime "8:28:11 PDT"]
[Termination "Alina_Gumerovna won by checkmate"]

1. e4 e6 2. d4 d5 3. Nd2 c5 4.
Ngf3 Nc6 5. exd5 Qxd5 6. Bc4 Qd8 7. dxc5 Bxc5 8. O-O Nf6 9. h3 O-O 10. Qe2 a6 11. c3 b5 12. Bb3 Bb7 13. Bc2 Ne7 14. Rd1 Qc7 15. Nf1 Ng6 16. Bxg6 hxg6 17. Be3 Rfd8 18.
N1h2 Bxe3 19. Qxe3 Nd5 20. Qe5 Qxe5 21. Nxe5 Nf4 22.
Nhf3 f6 23. Nd7 Bxf3 24. gxf3 Nxh3+ 25. Kg2 Nf4+ 26. Kg3 g5 27. Nc5 a5 28. a4 Rxd1 29.
Rxd1 bxa4 30. Nxa4 Ra7 31. Nc5 Kf7 32. Ra1 Nd5 33.
Ra4 Nb6 34. Rd4 a4 35. Rb4 a3 36. bxa3 Nd5 37. Rb6 Nxb6 38. f4 gxf4+ 39. Kxf4 Rxa3 40.
Ne4 Nd5+ 41. Kg4 Nxc3 42. Nd6+ Ke7 43. Nc4 Ra4 44. f4 Rxc4 45. Kh5 Rxf4 46. Kg6 e5 47. Kh7 g5 48. Kg6 g4 49. Kh5 g3 50. Kg6 g2 51. Kh5 g1=Q 52. Kh6 Rh4# 0-1

[Event "Early-Titled-Tuesday-Blitz-September-26-2023"]
[Site "Chess.com"]
[Date "2023.09.26"]
[Round "3"]
[White "Kirill_Klukin"]
[Black "Msb2"]
[Result "0-1"]
[WhiteElo "2720"]
[BlackElo "3088"]
[TimeControl "180+1"]
[EndTime "8:28:12 PDT"]
[Termination "Msb2 won by resignation"]

1. e4 e6 2. d3 d5 3. Nd2 Nf6 4.
Ngf3 Be7 5. g3 a5 6. Bg2 a4 7. a3 c5 8. O-O Nc6 9. Re1 h6 10. h4 O-O 11. e5 Nh7 12. Nf1 f5 13.
exf6 Nxf6 14. c3 Bd6 15. d4 cxd4 16. cxd4 Qb6 17. Qd3 Bd7 18. Be3 Na5 19. Ne5 Bb5 20.
Qg6 Be8 21. Qd3 Qb3 22. Bh3 Qxd3 23. Bxe6+ Kh8 24. Nxd3 Nc4 25. Bf4 Bxf4 26. Nxf4 Nxb2 27. Nxd5 Nxd5 28. Bxd5 Nd3 29. Re2 Rd8 30. Bxb7 Rxd4 31. Rd2 Bg6 32. Ba6 Ne5 33. Rxd4 Nf3+ 34. Kg2 Nxd4 35.
Bb7 Rb8 36. Bd5 Rb5 37. Ne3 Rxd5 38. Nxd5 Be4+ 39. Kh3 Bxd5 40. Rd1 Be6+ 41. g4 Nb5 42.
Ra1 h5 43. f3 Nd4 44. Kg3 Nc2 45. Rc1 Bb3 46. g5 Kh7 47. f4 Kg6 48. Kf3 Nxa3 49. Rc6+ Kf5 50. Rc5+ Ke6 51. f5+ Kd6 52. Ra5 Nc4 53.
Ra6+ Ke5 54. f6 gxf6 55. gxf6 Kf5 56. f7 Ne5+ 57. Ke3 Nxf7 58. Kf3 Ne5+ 59. Kg3 Nc4 60. Ra7 a3 61. Kf3 a2 62. Kg3 Ne3 63. Ra5+ Ke6 64. Kf3 Nc2 65. Kf4 a1=Q 66. Rxa1 Nxa1 67. Kg5 Bd1 0-1